Map: Overgrown Facility

Players

MonstroTown - Winner!

  • Race: Terran Terran
  • Spawn Location: 3:00

Michael - Winner!

  • Race: Zerg Zerg
  • League: Gold
  • Spawn Location: 1:00

thedudeman

  • Race: Protoss Protoss
  • League: Gold
  • Spawn Location: 9:00

ZeeAlien

  • Race: Zerg Zerg
  • League: Diamond
  • Spawn Location: 7:00

VOD

Have the link to the VOD?

Description

Time

  • Played on: Sept. 15, 2018, 1:06 p.m.
  • Length: 11:32
Show
View Real Time Build Order
Export as new Build Order

MonstroTown Terran - Winner!

Build Orders: 1/1/1, Cyclone Opening, MMM Bio 

Get SALT Encoding   

  12  0:01  SCV  
  13  0:13  SCV  
  14  0:18  Supply Depot  
  14  0:25  SCV  
  15  0:31  Refinery  
  15  0:41  Barracks  
  15  0:45  SCV  
  16  0:54  Refinery  
  16  0:59  SCV  
  17  1:11  SCV  
  19  1:29  Reaper  
  19  1:31  Orbital Command  
  19  1:38  Factory  
  19  1:51  Supply Depot  
  19  1:58  SCV  
  20  2:05  Barracks Reactor  
  20  2:12  SCV  
  21  2:24  Hellion  
  21  2:28  Starport  
  21  2:29  SCV  
  23  2:46  Supply Depot  
  23  2:53  Barracks Tech Lab  
  23  2:54  Cyclone  
  26  3:00  Cyclone  
  29  3:14  Marauder  
  31  3:22  SCV  
  31  3:26  Cyclone  
  35  3:37  Marauder  
  37  3:46  Supply Depot  
  37  3:56  Medivac  
  39  4:08  Cyclone  
  42  4:14  Cyclone  
  42  4:16  Marauder  
  46  4:58  Medivac  
  46  5:32  Supply Depot, Cyclone  
  46  5:33  Command Center  
  46  5:34  Supply Depot  
  46  5:54  Viking, Cyclone  
  51  6:03  Stimpack  
  51  6:04  Engineering Bay  
  43  6:47  Missile Turret  
  43  6:49  Missile Turret  
  43  6:52  Missile Turret, Orbital Command  
  43  6:53  SCV  
  41  6:56  Terran Infantry Weapons Level 1  
  36  7:01  Barracks  
  36  7:05  SCV  
  31  7:34  Widow Mine x2, Viking  
  34  7:43  Missile Turret  
  31  7:44  SCV  
  31  7:45  SCV  
  31  7:49  Barracks  
  33  7:52  Barracks Reactor  
  33  8:05  Starport Reactor  
  33  8:11  Starport  
  33  8:12  Combat Shields  
  33  8:13  Armory  
  33  8:26  Barracks  
  33  8:29  Marine x2  
  33  8:32  Command Center  
  35  8:37  Widow Mine x2  
  35  8:38  Barracks Reactor, Marine  
  40  8:46  Viking  
  40  8:47  Marine  
  43  8:50  Starport Reactor  
  43  9:02  Terran Ship Weapons Level 1  
  43  9:10  Viking  
  43  9:12  SCV x2  
  43  9:16  Supply Depot  
  47  9:26  Marine  
  47  9:30  Marine x2  
  49  9:55  Viking x4  
  57  10:09  Marine  
  57  10:10  Marauder, Marine x2  
  62  10:25  SCV  
  62  10:26  SCV  
  64  10:32  Marauder  
  66  10:38  SCV x2  
  66  10:40  Missile Turret, Marine x4  
  72  10:46  Refinery  
  72  10:47  Refinery  
  72  10:50  SCV x2  
  72  10:53  Marauder  
  76  11:00  Viking  
  76  11:02  SCV x2  
  80  11:09  Supply Depot  
  80  11:11  Supply Depot  
  80  11:14  SCV  
Show
View Real Time Build Order
Export as new Build Order

Michael Zerg - Winner!

Build Orders: Pool First 

Get SALT Encoding   

  12  0:01  Drone  
  13  0:12  Overlord  
  13  0:18  Drone  
  14  0:31  Drone x2  
  14  0:35  Drone  
  17  0:45  Drone  
  18  0:50  Spawning Pool  
  18  0:56  Drone  
  18  0:58  Extractor  
  17  1:07  Drone  
  18  1:20  Hatchery  
  18  1:23  Drone  
  18  1:41  Queen  
  18  1:46  Zergling x4  
  22  1:52  Overlord  
  22  2:00  Overlord  
  22  2:13  Metabolic Boost  
  22  2:24  Roach Warren  
  22  2:28  Zergling x2  
  22  2:29  Zergling x2  
  23  2:47  Drone x4  
  23  2:50  Queen  
  27  3:10  Lair  
  27  3:14  Extractor, Drone x3  
  27  3:17  Drone  
  30  3:20  Drone  
  30  3:25  Roach  
  26  3:51  Drone x8  
  34  4:00  Queen  
  36  4:03  Zergling x2  
  36  4:04  Zergling x2  
  38  4:10  Drone  
  38  4:12  Glial Reconstitution  
  39  4:21  Hydralisk Den  
  39  4:23  Spore Crawler  
  37  4:28  Drone x3  
  37  5:04  Zergling x12  
  43  5:14  Drone  
  43  5:19  Overlord x2  
  44  5:37  Hatchery  
  44  5:38  Drone x8  
  51  5:51  Hatchery  
  51  5:52  Muscular Augments  
  50  5:59  Spore Crawler  
  50  6:01  Spore Crawler x2  
  50  6:02  Drone  
  50  6:03  Extractor x2, Drone  
  46  6:05  Drone  
  46  6:06  Drone x2  
  46  6:08  Drone  
  47  6:49  Drone x8  
  47  6:51  Queen  
  47  6:53  Queen  
  59  7:10  Zergling x12  
  59  7:13  Queen  
  67  7:16  Drone  
  67  7:17  Drone  
  67  7:18  Drone x3  
  67  7:19  Overlord x2  
  67  7:20  Overlord  
  72  7:29  Infestation Pit  
  71  7:32  Evolution Chamber  
  68  7:42  Zergling x2  
  68  7:43  Zergling x18  
  77  8:04  Drone x12  
  83  8:28  Drone x10  
  90  8:38  Spore Crawler  
  90  8:39  Spore Crawler  
  90  8:40  Spore Crawler  
  83  8:42  Spore Crawler  
  83  8:48  Spore Crawler  
  80  8:51  Spore Crawler x2  
  80  8:52  Spore Crawler  
  80  8:55  Queen, Spore Crawler  
  76  8:58  Extractor  
  76  8:59  Extractor  
  76  9:01  Hive  
  76  9:03  Zerg Ground Armor Level 1  
  76  9:04  Grooved Spines  
  76  9:05  Hydralisk x9  
  76  9:07  Overlord  
  76  9:08  Overlord x2  
  94  9:44  Drone x3  
  97  9:54  Hydralisk x11, Spire  
  97  9:58  Overlord  
  97  9:59  Overlord x4  
  118  10:14  Zergling x2  
  118  10:17  Zergling x12  
  118  10:18  Zergling x18  
  134  10:38  Hydralisk x10  
  150  10:58  Hydralisk  
  150  10:59  Hydralisk x3  
  150  11:01  Overlord x6  
Show
View Real Time Build Order
Export as new Build Order

thedudeman Protoss 

Build Orders: Phoenix Opening 

Get SALT Encoding   

  12  0:02  Probe  
  13  0:22  Pylon  
  13  0:33  Probe  
  14  0:42  Gateway  
  14  0:45  Probe  
  15  0:57  Probe, Gateway  
  15  1:03  Assimilator  
  16  1:09  Probe  
  17  1:23  Probe  
  18  1:27  Assimilator  
  18  1:32  Cybernetics Core  
  18  1:41  Pylon  
  18  1:46  Probe  
  19  1:58  Probe  
  19  2:01  Adept x2  
  23  2:36  Probe  
  24  2:48  Probe  
  25  2:54  Stargate  
  25  3:00  Probe  
  26  3:07  Nexus  
  26  3:17  Probe  
  27  3:23  Stargate  
  27  3:30  Probe  
  26  3:53  Phoenix  
  26  4:01  Robotics Facility  
  26  4:07  Phoenix  
  28  4:13  Phoenix  
  28  4:17  Shield Battery  
  28  4:23  Pylon  
  30  4:24  Phoenix  
  30  5:17  Immortal  
  34  5:21  Phoenix  
  34  5:24  Probe  
  34  5:27  Assimilator  
  37  5:32  Probe  
  37  5:42  Probe  
  38  5:47  Phoenix x2  
  37  5:56  Immortal  
  45  6:02  Shield Battery  
  45  6:08  Probe  
  46  6:15  Assimilator  
  46  6:20  Probe  
  42  6:32  Probe  
  42  6:35  Void Ray  
  45  6:45  Probe  
  24  6:57  Probe  
  22  7:15  Phoenix  
  24  7:18  Phoenix  
  25  7:44  Probe  
  26  7:56  Probe  
  19  8:08  Probe  
  26  8:20  Probe  
  26  8:32  Probe  
  27  8:53  Pylon  
  27  8:55  Void Ray, Probe  
  27  8:56  Probe  
  29  9:03  Probe  
  29  9:04  Void Ray  
  29  9:07  Probe  
  30  9:12  Probe  
  30  9:49  Fleet Beacon  
  30  9:50  Void Ray  
  34  10:17  Pylon  
  32  10:34  Probe  
  33  10:37  Pylon  
Show
View Real Time Build Order
Export as new Build Order

ZeeAlien Zerg 

Build Orders: Hatch First 

Get SALT Encoding   

  12  0:02  Drone  
  13  0:15  Overlord  
  13  0:19  Drone  
  14  0:27  Extractor  
  14  0:28  Drone  
  15  0:40  Drone x2  
  17  0:55  Hatchery  
  16  1:04  Drone  
  16  1:06  Extractor  
  16  1:12  Drone  
  17  1:18  Spawning Pool  
  17  1:25  Drone  
  17  1:26  Drone  
  18  1:42  Drone  
  18  1:45  Overlord  
  19  2:13  Zergling x6  
  19  2:15  Queen  
  24  2:16  Queen  
  24  2:19  Metabolic Boost  
  26  2:23  Drone  
  26  2:24  Drone  
  28  2:30  Drone x2  
  30  2:41  Zergling x4  
  32  2:44  Baneling Nest  
  32  2:49  Drone  
  31  3:06  Hatchery  
  30  3:13  Spore Crawler, Evolution Chamber  
  30  3:16  Drone  
  30  3:19  Drone  
  30  3:22  Drone  
  29  3:40  Drone x2  
  31  3:42  Roach Warren  
  28  3:52  Zerg Missile Weapons Level 1  
  28  3:55  Overlord  
  28  3:56  Drone x3  
  28  4:00  Extractor  
  30  4:08  Extractor  
  29  4:11  Zergling x2  
  29  4:12  Zergling x2  
  31  4:20  Zergling x6  
  34  4:24  Zergling x4  
  34  4:29  Roach x2  
  40  4:32  Baneling  
  40  4:33  Baneling  
  40  4:34  Roach  
  42  4:44  Roach  
  39  4:46  Roach  
  39  4:49  Roach  
  35  5:02  Roach x2  
  36  5:09  Zergling x4  
  36  5:10  Zergling x6  
  33  5:20  Roach  
  33  5:21  Zergling x4  
  29  5:35  Roach  
  27  5:37  Roach  
  27  5:41  Zergling x2  
  21  5:53  Roach  
  15  6:15  Spine Crawler  
  14  6:20  Baneling  
  14  6:26  Drone x2  
  16  10:09  Drone x2  
  16  10:10  Drone  
  19  10:31  Drone  
  19  10:32  Drone  
Tags
 
Add a new tag
Caveats
  • Supply blocks, unpowered buildings, or Contaminate may cause inaccurate times.
  • Supply counts are checked every 10 seconds.